MLB
CHICAGO WHITE SOX @ KANSAS CITY ROYALS
07/20/2099
 
TOP OF THE 1ST
Chicago White Sox batting - Pitching for Kansas City Royals : LHP Josh Knapp
Pitching: LHP Josh Knapp
Batting: RHB Luis Marquina 0-0: Foul Ball, location: 23F
0-1: Foul Ball, location: 2F
0-2: Ball
1-2: Strikes out swinging
Batting: LHB Tim Eaton 0-0: Called Strike
0-1: Foul Ball, location: 7LMF
0-2: Ball
1-2: Strikes out looking
Batting: RHB Joey Aimone 0-0: Called Strike
0-1: Called Strike
0-2: Ball
1-2: Strikes out swinging
Top of the 1st over - 0 runs, 0 hits, 0 errors, 0 left on base; Chicago 0 - Kansas City 0
BOTTOM OF THE 1ST
Kansas City Royals batting - Pitching for Chicago White Sox : RHP Hector Canadas
Pitching: RHP Hector Canadas
Batting: LHB Tony Monterosa 0-0: Fly out, F8 (Line Drive, 89M, EV 86.9 MPH)
Batting: RHB Kevin Stark 0-0: Called Strike
0-1: Ball
1-1: Foul Ball, location: 9LDF
1-2: Foul Ball, location: 9LSF
1-2: Ball
2-2: Ball
3-2: SOLO HOME RUN (Flyball, 9LD, EV 95.6 MPH), Distance : 353 ft
Batting: LHB Jorge Castillo 0-0: Ball
1-0: Ball
2-0: Ball
3-0: Called Strike
3-1: Base on Balls
Batting: RHB Jordan Baeza 0-0: Called Strike
0-1: Called Strike
0-2: Ball
1-2: Foul Ball, location: 5FF
1-2: Ball
2-2: DOUBLE (Flyball, 8RXD, EV 108.8 MPH)
Jorge Castillo to third
Batting: LHB Daniel Pinedo 0-0: Ball
1-0: SINGLE (Groundball, 6D, EV 103.8 MPH)
Jorge Castillo scores
Jordan Baeza to third
Runner from 3rd tries for Home, SAFE, throw by CF to home
Daniel Pinedo to second
Batting: SHB Bobby Noriega 0-0: Fly out, F8 (Flyball, 8RD, EV 91.9 MPH)
Batting: LHB Danny Bonilla 0-0: Ball
1-0: Ball
2-0: SINGLE (Groundball, 2R, EV 68.1 MPH) (infield hit)
Daniel Pinedo to third
Batting: RHB Bobby Sells 0-0: Ball
1-0: Foul Ball, location: 5FF
1-1: Called Strike
1-2: Ground out 4-3 (Groundball, 4, EV 89.4 MPH)
Bottom of the 1st over - 3 runs, 4 hits, 0 errors, 2 left on base; Chicago 0 - Kansas City 3
TOP OF THE 2ND
Chicago White Sox batting - Pitching for Kansas City Royals : LHP Josh Knapp
Batting: LHB Dan Roos 0-0: Ball
1-0: Ball
2-0: Called Strike
2-1: Ground out 4-3 (Groundball, 4, EV 81.9 MPH)
Batting: RHB Butch Arnett 0-0: Called Strike
0-1: Foul Ball, location: 25F
0-2: Ball
1-2: Ball
2-2: Strikes out swinging
Batting: RHB Cory Gilmore 0-0: Fly out, F7 (Flyball, 78S, EV 88.8 MPH)
Top of the 2nd over - 0 runs, 0 hits, 0 errors, 0 left on base; Chicago 0 - Kansas City 3
BOTTOM OF THE 2ND
Kansas City Royals batting - Pitching for Chicago White Sox : RHP Hector Canadas
Batting: LHB Bill Goss 0-0: Called Strike
0-1: Foul Ball, location: 23FF
0-2: Fly out, F8 (Flyball, 8RS, EV 91.3 MPH)
Batting: LHB Tony Monterosa 0-0: Foul Ball, location: 5SF
0-1: Swinging Strike
0-2: Ball
1-2: Fly out, F8 (Line Drive, 8LD, EV 84.4 MPH)
Batting: RHB Kevin Stark 0-0: Called Strike
0-1: Foul Ball, location: 23FF
0-2: Hit by Pitch
Pinch Runner at 1st Alex Rios:
Batting: LHB Jorge Castillo 0-0: Ball
1-0: Foul Ball, location: 2F
1-1: Foul Ball, location: 5F
1-2: Fly out, F7 (Flyball, 78S, EV 86.3 MPH)
Bottom of the 2nd over - 0 runs, 0 hits, 0 errors, 1 left on base; Chicago 0 - Kansas City 3
TOP OF THE 3RD
Chicago White Sox batting - Pitching for Kansas City Royals : LHP Josh Knapp
Now at 3B: Alex Rios
Batting: LHB Tyler Fauver 0-0: Ball
1-0: Foul Ball, location: 2F
1-1: Ball
2-1: Swinging Strike
2-2: Ball
3-2: Fly out, F9 (Flyball, 9, EV 80.0 MPH)
Pitching: LHP Angelo Castillo
Batting: RHB Brian Jones 0-0: Called Strike
0-1: Called Strike
0-2: Strikes out swinging, 2-3 out at first.
Batting: SHB Jeremy Nussbaum 0-0: Called Strike
0-1: Foul Ball, location: 9LSF
0-2: Strikes out looking
Top of the 3rd over - 0 runs, 0 hits, 0 errors, 0 left on base; Chicago 0 - Kansas City 3
BOTTOM OF THE 3RD
Kansas City Royals batting - Pitching for Chicago White Sox : RHP Hector Canadas
Batting: RHB Jordan Baeza 0-0: Ball
1-0: Called Strike
1-1: Ground out 4-3 (Groundball, 4, EV 99.4 MPH)
Batting: LHB Daniel Pinedo 0-0: Foul Ball, location: 2F
0-1: Ball
1-1: Foul Ball, location: 23FF
1-2: Strikes out swinging
Batting: SHB Bobby Noriega 0-0: Called Strike
0-1: Swinging Strike
0-2: Strikes out looking
Bottom of the 3rd over - 0 runs, 0 hits, 0 errors, 0 left on base; Chicago 0 - Kansas City 3
TOP OF THE 4TH
Chicago White Sox batting - Pitching for Kansas City Royals : LHP Angelo Castillo
Batting: RHB Luis Marquina 0-0: Ball
1-0: Foul Ball, location: 3DF
1-1: Foul Ball, location: 23F
1-2: Foul Ball, location: 3FF
1-2: Strikes out looking
Batting: LHB Tim Eaton 0-0: Ball
1-0: Foul Ball, location: 2RF
1-1: Foul Ball, location: 7LMF
1-2: SINGLE (Line Drive, 8LS, EV 108.8 MPH)
Batting: RHB Joey Aimone 0-0: Ball
1-0: Fly out, F4 (Popup, 4, EV 62.5 MPH)
Batting: LHB Dan Roos 0-0: Ball
1-0: Called Strike
1-1: Ball
2-1: Fly out, F8 (Flyball, 8LM, EV 84.4 MPH)
Top of the 4th over - 0 runs, 1 hit, 0 errors, 1 left on base; Chicago 0 - Kansas City 3
BOTTOM OF THE 4TH
Kansas City Royals batting - Pitching for Chicago White Sox : RHP Hector Canadas
Batting: LHB Danny Bonilla 0-0: Called Strike
0-1: Ball
1-1: Ball
2-1: Fly out, F4 (Line Drive, 34D, EV 64.4 MPH)
Batting: RHB Bobby Sells 0-0: Foul Ball, location: 2F
0-1: SINGLE (Groundball, 6MD, EV 101.9 MPH)
Batting: LHB Bill Goss 0-0: Ball
1-0: Foul Ball, location: 7LDF
1-1: Called Strike
1-2: Grounds into double play, 4-6-3 (Groundball, 4M, EV 101.3 MPH)
Bottom of the 4th over - 0 runs, 1 hit, 0 errors, 0 left on base; Chicago 0 - Kansas City 3
TOP OF THE 5TH
Chicago White Sox batting - Pitching for Kansas City Royals : LHP Angelo Castillo
Batting: RHB Butch Arnett 0-0: Ball
1-0: Swinging Strike
1-1: Foul Ball, location: 2RF
1-2: Ball
2-2: Ball
3-2: Ground out 4-3 (Groundball, 34D, EV 96.9 MPH)
Batting: RHB Cory Gilmore 0-0: Called Strike
0-1: Foul Ball, location: 5FF
0-2: Ball
1-2: Strikes out swinging
Batting: LHB Tyler Fauver 0-0: Ball
1-0: Ball
2-0: Foul Ball, location: 7LSF
2-1: Swinging Strike
2-2: Ball
3-2: Strikes out swinging
Top of the 5th over - 0 runs, 0 hits, 0 errors, 0 left on base; Chicago 0 - Kansas City 3
BOTTOM OF THE 5TH
Kansas City Royals batting - Pitching for Chicago White Sox : RHP Hector Canadas
Batting: LHB Tony Monterosa 0-0: Ball
1-0: Ball
2-0: Ball
3-0: Base on Balls
Batting: RHB Alex Rios 0-0: Fly out, F8 (Flyball, 8LXD, EV 104.4 MPH)
Batting: LHB Jorge Castillo 0-0: Foul Ball, location: 7LSF
0-1: Called Strike
Tony Monterosa steals 2nd base
0-2: Ball
1-2: Strikes out swinging
Batting: RHB Jordan Baeza 0-0: SINGLE (Groundball, 56D, EV 100.6 MPH)
Tony Monterosa to third
Runner from 3rd tries for Home, SAFE, throw by LF to home
Jordan Baeza to second
Batting: LHB Daniel Pinedo 0-0: Swinging Strike
0-1: Ball
1-1: Foul Ball, location: 5FF
1-2: Ground out U3 (Groundball, 3S, EV 70.0 MPH)
Bottom of the 5th over - 1 run, 1 hit, 0 errors, 1 left on base; Chicago 0 - Kansas City 4
TOP OF THE 6TH
Chicago White Sox batting - Pitching for Kansas City Royals : LHP Angelo Castillo
Batting: RHB Brian Jones 0-0: Foul Ball, location: 9LMF
0-1: Swinging Strike
0-2: Strikes out swinging
Batting: SHB Jeremy Nussbaum 0-0: Called Strike
0-1: Swinging Strike
0-2: Ball
1-2: Strikes out swinging
Batting: RHB Luis Marquina 0-0: Ball
1-0: Ground out 6-3 (Groundball, 56, EV 85.6 MPH)
Top of the 6th over - 0 runs, 0 hits, 0 errors, 0 left on base; Chicago 0 - Kansas City 4
BOTTOM OF THE 6TH
Kansas City Royals batting - Pitching for Chicago White Sox : RHP Hector Canadas
Batting: SHB Bobby Noriega 0-0: Called Strike
0-1: Swinging Strike
0-2: Ball
1-2: Strikes out swinging
Batting: LHB Danny Bonilla 0-0: Ball
1-0: Called Strike
1-1: Ball
2-1: Ground out 6-3 (Groundball, 6, EV 85.6 MPH)
Batting: RHB Bobby Sells 0-0: Called Strike
0-1: Foul Ball, location: 5F
0-2: Ball
1-2: SOLO HOME RUN (Flyball, 7LD, EV 95.0 MPH), Distance : 353 ft
Batting: LHB Bill Goss 0-0: Called Strike
0-1: Called Strike
0-2: Ball
1-2: Foul Ball, location: 2F
1-2: Ball
2-2: Ground out 5-3 (Groundball, 15, EV 80.6 MPH)
Bottom of the 6th over - 1 run, 1 hit, 0 errors, 0 left on base; Chicago 0 - Kansas City 5
TOP OF THE 7TH
Chicago White Sox batting - Pitching for Kansas City Royals : LHP Angelo Castillo
Pitching: RHP Justin Miller
Batting: LHB Tim Eaton 0-0: SINGLE (Groundball, 6MD, EV 98.8 MPH)
Batting: RHB Joey Aimone 0-0: Swinging Strike
0-1: Foul Ball, location: 2F
0-2: Ball
1-2: Strikes out swinging
Batting: LHB Dan Roos 0-0: Called Strike
0-1: Called Strike
0-2: Foul Ball, location: 7LDF
0-2: Ball
1-2: Fly out, F7 (Flyball, 78S, EV 81.3 MPH)
Batting: RHB Butch Arnett 0-0: Called Strike
0-1: Ball
1-1: Called Strike
1-2: Ball
2-2: Foul Ball, location: 5SF
2-2: Ball
3-2: Foul Ball, location: 2F
3-2: Fly out, F9 (Flyball, 9S, EV 85.6 MPH)
Top of the 7th over - 0 runs, 1 hit, 0 errors, 1 left on base; Chicago 0 - Kansas City 5
BOTTOM OF THE 7TH
Kansas City Royals batting - Pitching for Chicago White Sox : RHP Hector Canadas
Pitching: RHP Tony Wallace
Batting: LHB Tony Monterosa 0-0: Ball
1-0: Ball
2-0: Ball
3-0: Called Strike
3-1: Called Strike
3-2: SINGLE (Flyball, 8LS, EV 93.8 MPH)
Batting: RHB Alex Rios 0-0: Ball
1-0: Ball
2-0: Ball
3-0: Called Strike
3-1: Fly out, F5 (Popup, 5F, EV 68.1 MPH)
Batting: LHB Jorge Castillo 0-0: Ball
1-0: Ball
2-0: Ball
3-0: Base on Balls
Tony Monterosa to second
Batting: RHB Jordan Baeza 0-0: Foul Ball, location: 2F
0-1: Ball
1-1: Foul Ball, location: 2F
1-2: Foul Ball, location: 2F
1-2: Foul Ball, location: 2F
1-2: Ball
2-2: Foul Ball, location: 9LDF
2-2: Foul Ball, location: 9LSF
2-2: Fly out, F9 (Line Drive, 89M, EV 96.3 MPH)
Batting: LHB Daniel Pinedo 0-0: SINGLE (Line Drive, 78S, EV 93.8 MPH)
Tony Monterosa to third
Jorge Castillo to second
Runner from 3rd tries for Home, SAFE, throw by LF to home
Batting: SHB Bobby Noriega 0-0: Called Strike
0-1: Ball
1-1: Foul Ball, location: 2F
1-2: SINGLE (Groundball, 4MD, EV 103.8 MPH)
Jorge Castillo to third
Daniel Pinedo to second
Batting: LHB Danny Bonilla Balk!
Jorge Castillo scores
Daniel Pinedo to third
Bobby Noriega to second
0-0: Ball
1-0: Ball
2-0: Foul Ball, location: 2F
2-1: Ground out U3 (Groundball, 3, EV 86.3 MPH)
Bottom of the 7th over - 2 runs, 3 hits, 0 errors, 2 left on base; Chicago 0 - Kansas City 7
TOP OF THE 8TH
Chicago White Sox batting - Pitching for Kansas City Royals : RHP Justin Miller
Batting: RHB Cory Gilmore 0-0: Called Strike
0-1: Foul Ball, location: 2F
0-2: Ball
1-2: Foul Ball, location: 5F
1-2: Foul Ball, location: 25F
1-2: Fly out, F9 (Flyball, 9LS, EV 89.4 MPH)
Batting: LHB Tyler Fauver 0-0: Ball
1-0: Ball
2-0: Fly out, F9 (Flyball, 9S, EV 90.6 MPH)
Pinch Hitting: LHB D.J. Horrigan 0-0: Ball
1-0: Ball
2-0: Fly out, F9 (Line Drive, 89M, EV 105.6 MPH)
Top of the 8th over - 0 runs, 0 hits, 0 errors, 0 left on base; Chicago 0 - Kansas City 7
BOTTOM OF THE 8TH
Kansas City Royals batting - Pitching for Chicago White Sox : RHP Tony Wallace
Now at 2B: D.J. Horrigan
Batting: RHB Bobby Sells 0-0: Ball
1-0: Ground out 5-3 (Groundball, 56S, EV 87.5 MPH)
Batting: LHB Bill Goss 0-0: Ball
1-0: Ground out 4-3 (Groundball, 4, EV 77.5 MPH)
Batting: LHB Tony Monterosa 0-0: Ball
1-0: Ball
2-0: Called Strike
2-1: Called Strike
2-2: Foul Ball, location: 25F
2-2: Ball
3-2: Base on Balls
Batting: RHB Alex Rios 0-0: Ball
1-0: SINGLE (Groundball, 4MD, EV 98.8 MPH)
Tony Monterosa to second
Runner from 2nd tries for 3rd, SAFE, throw by CF made to third
Pinch Hitting: RHB Trent Poynter 0-0: Swinging Strike
0-1: Ball
1-1: Fly out, F3 (Line Drive, 3L, EV 75.6 MPH)
Bottom of the 8th over - 0 runs, 1 hit, 0 errors, 2 left on base; Chicago 0 - Kansas City 7
TOP OF THE 9TH
Chicago White Sox batting - Pitching for Kansas City Royals : RHP Justin Miller
Now in LF: Trent Poynter
Batting: SHB Jeremy Nussbaum 0-0: Called Strike
0-1: Foul Ball, location: 7LMF
0-2: Ball
1-2: Strikes out swinging
Batting: RHB Luis Marquina 0-0: Ball
1-0: Called Strike
1-1: Ball
2-1: Ball
3-1: Base on Balls
Pitching: RHP Craig Abling
Batting: LHB Tim Eaton 0-0: Swinging Strike
0-1: Called Strike
0-2: Foul Ball, location: 2F
0-2: Ball
1-2: Fly out, F9 (Flyball, 89D, EV 105.0 MPH)
Batting: RHB Joey Aimone 0-0: Foul Ball, location: 23FF
0-1: Called Strike
0-2: Strikes out swinging
Top of the 9th over - 0 runs, 0 hits, 0 errors, 1 left on base; Chicago 0 - Kansas City 7
Sunday, May 12th , 2024 - OOTP Baseball 24.11 Build 85